Map: Prion Terraces

Players

Probe

  • Race: Protoss Protoss

HuK - Winner!

  • Race: Protoss Protoss
  • League: Grandmaster

Event: DreamHack ROCCAT LotV Championship

VOD

Have the link to the VOD?

Description

Time

  • Played on: Nov. 26, 2015, 8:15 a.m.
  • Length: 19:08

All games in this series

Show
View Real Time Build Order
Export as new Build Order

Probe Protoss 

Build Orders: Oracle Opening 

Get SALT Encoding   

  12  0:09  Pylon  
  12  0:13  Probe (Chrono Boost)  
  13  0:27  Gateway  
  13  0:31  Probe (Chrono Boost)  
  14  0:38  Assimilator  
  14  0:41  Probe (Chrono Boost)  
  15  0:47  Assimilator  
  15  0:52  Probe (Chrono Boost)  
  16  1:02  Probe (Chrono Boost)  
  17  1:13  Probe (Chrono Boost)  
  17  1:15  Cybernetics Core  
  18  1:23  Probe (Chrono Boost)  
  19  1:34  Probe (Chrono Boost)  
  19  1:39  Pylon  
  20  1:44  Probe (Chrono Boost)  
  21  1:53  Warp Gate (Chrono Boost)  
  21  1:57  Stargate  
  21  2:01  Stalker  
  23  2:04  Probe  
  24  2:14  Pylon  
  24  2:31  Stalker  
  26  2:40  Oracle (Chrono Boost)  
  26  2:43  Gateway  
  29  2:51  Gateway  
  29  3:03  Gateway  
  29  3:06  Probe  
  30  3:17  Oracle (Chrono Boost)  
  33  3:49  Stalker x3  
  39  4:08  Pylon  
  39  4:11  Pylon  
  39  4:19  Pylon  
  39  4:27  Stalker x3  
  45  4:40  Sentry  
  47  4:46  Twilight Council  
  47  5:00  Stalker x2  
  45  5:26  Stalker x2  
  45  5:27  Stalker  
  48  5:32  Adept  
  42  5:51  Stalker x2  
  42  5:55  Stalker  
  46  6:17  Stalker x2  
  48  6:31  Stalker x2  
  42  6:49  Adept x2  
  44  7:02  Adept x2  
  46  7:18  Stalker  
  46  7:19  Stalker  
  50  7:25  Stalker  
  50  7:45  Blink (Chrono Boost)  
  50  7:57  Stalker  
  52  8:05  Stalker  
  54  8:16  Stalker  
  56  8:35  Pylon  
  56  8:38  Pylon  
  56  8:58  Stalker x2  
  56  9:01  Pylon  
  60  9:03  Pylon  
  60  9:27  Stalker  
  60  9:30  Nexus  
  60  9:31  Pylon  
  62  9:40  Robotics Facility  
  62  10:29  Observer (Chrono Boost)  
  62  10:31  Robotics Bay  
  63  10:39  Stalker  
  57  10:47  Stalker  
  59  11:00  Gateway  
  61  11:06  Mothership Core  
  61  11:10  Stalker  
  63  11:17  Disruptor (Chrono Boost)  
  66  11:27  Stalker  
  66  11:35  Stalker  
  68  11:42  Probe  
  68  11:43  Probe  
  73  11:54  Disruptor (Chrono Boost)  
  73  12:13  Probe  
  73  12:15  Probe  
  75  12:16  Stalker x2  
  75  12:22  Assimilator  
  79  12:26  Stalker  
  79  12:29  Probe  
  82  12:36  Pylon  
  82  12:53  Disruptor (Chrono Boost)  
  85  13:12  Nexus  
  85  13:17  Pylon  
  85  13:26  Observer (Chrono Boost)  
  86  13:27  Stalker  
  86  13:31  Stalker  
  90  13:44  Disruptor (Chrono Boost)  
  93  13:49  Stalker  
  95  13:57  Stalker  
  97  14:15  Adept  
  99  14:19  Stalker  
  100  14:30  Probe  
  100  14:31  Probe x2  
  103  14:40  Probe  
  103  14:43  Probe  
  102  14:55  Adept  
  102  14:59  Assimilator  
  107  15:02  Stalker  
  107  15:04  Stalker  
  102  15:10  Assimilator  
  102  15:11  Assimilator  
  102  15:29  Stalker  
  102  15:32  Zealot x2  
  65  15:54  Stalker x3  
  65  16:04  Gateway  
  65  16:10  Gateway  
  68  16:11  Disruptor (Chrono Boost)  
  68  16:17  Stalker  
  62  16:20  Stalker  
  62  16:25  Stalker  
  66  16:41  Gateway  
  66  16:44  Nexus  
  66  16:46  Disruptor (Chrono Boost)  
  68  16:49  Stalker  
  68  16:50  Stalker  
  68  16:51  Adept  
  74  16:57  Probe  
  74  16:58  Probe  
  76  17:02  Stalker  
  76  17:06  Stalker  
  76  17:17  Disruptor (Chrono Boost)  
  76  17:22  Stalker  
  79  17:29  Stalker  
  81  17:34  Stalker  
  81  17:37  Probe  
  81  17:44  Stalker  
  84  17:45  Probe  
  86  17:55  Disruptor (Chrono Boost)  
  88  18:05  Stalker  
  86  18:20  Stalker  
  86  18:21  Stalker x2  
  81  18:36  Stalker  
  81  18:37  Stalker  
Show
View Real Time Build Order
Export as new Build Order

HuK Protoss - Winner!

Build Orders: Blink Stalkers 

Get SALT Encoding   

  12  0:00  Probe (Chrono Boost)  
  13  0:11  Probe (Chrono Boost)  
  14  0:17  Pylon  
  14  0:22  Probe (Chrono Boost)  
  16  0:36  Probe (Chrono Boost), Gateway  
  16  0:43  Assimilator  
  16  0:46  Probe (Chrono Boost)  
  17  0:52  Assimilator  
  17  0:57  Probe (Chrono Boost)  
  18  1:01  Pylon  
  18  1:07  Probe (Chrono Boost)  
  19  1:18  Probe (Chrono Boost)  
  20  1:23  Cybernetics Core  
  20  1:28  Probe (Chrono Boost)  
  21  1:39  Probe (Chrono Boost)  
  24  1:49  Probe (Chrono Boost)  
  25  1:56  Nexus  
  25  2:00  Mothership Core (Chrono Boost)  
  25  2:02  Warp Gate (Chrono Boost)  
  25  2:08  Adept  
  27  2:19  Twilight Council  
  27  2:21  Probe  
  28  2:33  Probe  
  28  2:46  Gateway, Blink (Chrono Boost)  
  28  2:48  Gateway  
  28  3:08  Robotics Facility  
  28  3:15  Pylon  
  24  3:39  Probe x2  
  24  3:51  Probe  
  24  3:55  Stalker x2  
  29  3:57  Stalker  
  31  4:18  Stalker x2  
  31  4:23  Stalker  
  37  4:41  Stalker  
  39  4:45  Pylon  
  39  5:05  Stalker x2  
  39  5:06  Stalker  
  41  5:33  Stalker x3  
  37  5:54  Stalker  
  39  5:57  Stalker x2  
  39  6:02  Observer  
  44  6:15  Mothership Core  
  44  6:22  Stalker  
  40  6:33  Adept x2  
  40  6:46  Stalker  
  42  6:53  Stalker  
  44  7:04  Pylon  
  44  7:06  Pylon  
  44  7:13  Pylon  
  44  7:27  Stalker x3  
  50  7:49  Stalker  
  50  7:51  Stalker  
  54  7:56  Stalker  
  56  8:13  Stalker  
  56  8:17  Stalker  
  58  8:32  Stalker  
  60  8:49  Nexus  
  60  8:55  Stalker  
  62  9:14  Dark Shrine  
  62  9:23  Pylon  
  62  9:41  Stalker  
  62  9:43  Sentry  
  66  9:58  Stalker  
  68  10:15  Probe  
  68  10:17  Probe  
  70  10:24  Warp Prism (Chrono Boost)  
  70  10:25  Probe  
  73  10:29  Probe  
  74  10:36  Probe  
  75  10:47  Probe, Pylon  
  75  10:49  Assimilator  
  76  10:51  Probe  
  76  10:54  Assimilator  
  77  11:01  Dark Templar  
  77  11:02  Dark Templar  
  81  11:06  Probe  
  81  11:07  Probe  
  83  11:18  Robotics Bay  
  83  11:31  Sentry  
  83  11:34  Dark Templar, Probe  
  83  11:35  Probe  
  87  11:46  Immortal (Chrono Boost)  
  91  12:08  Probe  
  84  12:15  Disruptor (Chrono Boost)  
  87  12:25  Pylon  
  87  12:26  Pylon  
  87  12:28  Forge  
  87  12:47  Disruptor (Chrono Boost)  
  90  12:55  Protoss Ground Weapons Level 1 (Chrono Boost)  
  90  12:56  Stalker  
  90  12:57  Stalker x2  
  96  12:59  Pylon  
  96  13:03  Pylon x2  
  96  13:25  Disruptor (Chrono Boost)  
  97  13:46  Nexus  
  97  13:49  Pylon  
  97  13:56  Disruptor (Chrono Boost)  
  97  14:00  Pylon  
  98  14:20  Pylon  
  98  14:27  Disruptor (Chrono Boost)  
  98  14:28  Stalker x2  
  98  14:29  Stalker  
  104  14:55  Observer Gravitic Boosters  
  104  14:57  Stalker x3  
  104  14:59  Observer (Chrono Boost), Protoss Ground Weapons Level 2  
  111  15:01  Assimilator  
  111  15:03  Probe  
  112  15:17  Disruptor (Chrono Boost)  
  108  15:35  Stalker x3  
  74  15:54  Probe x2  
  74  15:56  Disruptor (Chrono Boost)  
  75  16:03  Stalker x2  
  75  16:04  Stalker, Probe  
  81  16:07  Probe x2  
  84  16:11  Pylon  
  84  16:15  Probe, Assimilator  
  83  16:23  Probe  
  84  16:27  Disruptor (Chrono Boost)  
  84  16:28  Stalker x2  
  91  16:33  Stalker  
  93  16:58  Probe, Disruptor (Chrono Boost)  
  97  17:20  Stalker  
  97  17:21  Stalker x2  
  103  17:26  Nexus  
  103  17:29  Probe  
  103  17:30  Probe x2  
  103  17:34  Gateway  
  103  17:35  Gateway  
  105  17:39  Probe  
  105  17:42  Probe  
  109  17:45  Disruptor (Chrono Boost)  
  109  17:49  Stalker x3  
  116  18:12  Disruptor  
  119  18:23  Stalker  
  119  18:24  Stalker x2  
  123  18:45  Stalker  
  125  18:59  Stalker x2  

Tags
 
Add a new tag
Caveats
  • Supply blocks, unpowered buildings, or Contaminate may cause inaccurate times.
  • Supply counts are checked every 10 seconds.